Map: Coda EC

Players

lIIlllIIIllI - Winner!

  • Race: Zerg Zerg

AgCl

  • Race: Protoss Protoss

VOD

Have the link to the VOD?

Description

Time

  • Played on: May 22, 2015, 3:04 a.m.
  • Length: 11:01
Show
View Real Time Build Order
Export as new Build Order

lIIlllIIIllI Zerg - Winner!

Build Orders: Hatch First 

Get SALT Encoding   

  12  0:00  Drone  
  13  0:08  Drone  
  14  0:17  Overlord  
  14  0:23  Extractor  
  14  0:24  Drone  
  15  0:36  Drone x2  
  17  0:43  Drone  
  18  0:56  Hatchery  
  17  0:59  Drone  
  18  1:13  Spawning Pool  
  17  1:24  Drone x2  
  19  1:28  Extractor  
  19  1:30  Drone  
  19  1:59  Queen  
  21  2:01  Zergling x2  
  22  2:09  Queen  
  22  2:12  Hatchery  
  22  2:13  Zergling x2  
  24  2:17  Zergling x2  
  25  2:23  Drone  
  26  2:32  Metabolic Boost  
  26  2:35  Overlord  
  26  2:41  Drone  
  27  2:54  Drone  
  27  2:55  Drone x2  
  27  2:57  Overlord  
  30  3:01  Drone x2  
  32  3:06  Queen  
  32  3:11  Drone x2  
  36  3:17  Drone x2  
  38  3:25  Queen  
  40  3:27  Drone  
  41  3:40  Overlord  
  41  3:44  Drone x2  
  41  3:46  Zergling x6  
  41  3:47  Spore Crawler  
  45  3:49  Spore Crawler, Drone  
  45  3:51  Drone  
  46  4:00  Drone x5  
  46  4:01  Drone  
  52  4:03  Extractor  
  52  4:05  Extractor  
  52  4:08  Overlord  
  50  4:12  Drone x2  
  52  4:40  Spore Crawler  
  52  4:44  Drone x2  
  53  4:50  Drone x3  
  53  4:51  Overlord  
  53  4:52  Overlord  
  56  4:56  Drone x2  
  56  4:58  Evolution Chamber  
  56  4:59  Roach Warren  
  56  5:12  Drone x6  
  62  5:22  Drone x4  
  62  5:24  Overlord  
  62  5:27  Zerg Missile Weapons Level 1, Lair  
  66  5:29  Drone  
  66  5:31  Drone x4, Extractor  
  66  5:32  Hatchery  
  69  5:37  Overlord, Queen  
  69  5:39  Roach  
  73  5:53  Drone x5  
  73  5:55  Drone x3, Extractor  
  80  5:58  Zergling x2  
  80  5:59  Zergling x10  
  80  6:03  Overlord  
  86  6:04  Overlord  
  86  6:22  Roach x3  
  92  6:32  Drone  
  93  6:34  Hydralisk Den  
  93  6:35  Drone x3  
  93  6:37  Drone x2  
  93  6:38  Overlord, Extractor  
  93  6:39  Overlord  
  95  7:04  Muscular Augments  
  95  7:07  Glial Reconstitution  
  95  7:08  Roach x8  
  111  7:09  Overlord x2  
  111  7:24  Hydralisk x4  
  111  7:25  Overlord  
  111  7:26  Overlord x2  
  119  7:37  Queen  
  119  7:39  Drone  
  119  7:41  Zerg Missile Weapons Level 2, Infestation Pit  
  119  7:42  Hatchery, Hydralisk x6  
  132  7:44  Extractor  
  132  7:45  Extractor  
  130  7:53  Drone x3  
  130  7:55  Drone x3  
  130  7:57  Drone x3  
  130  7:58  Drone x7  
  146  8:01  Overlord  
  146  8:19  Hive  
  146  8:23  Drone x5  
  146  8:24  Drone  
  146  8:25  Overlord x2  
  152  8:29  Pneumatized Carapace  
  152  8:34  Hatchery  
  151  8:56  Queen  
  151  8:57  Overlord x2  
  151  8:58  Hydralisk  
  151  8:59  Hydralisk x6  
  167  9:04  Drone  
  167  9:06  Overseer  
  167  9:09  Evolution Chamber, Extractor  
  166  9:10  Overlord  
  166  9:11  Overlord, Spore Crawler, Extractor  
  164  9:25  Spore Crawler  
  163  9:33  Viper x2  
  163  9:34  Viper x3  
  178  9:51  Drone x2  
  178  9:52  Spire x2  
  179  9:53  Hydralisk x6  
  179  9:54  Hydralisk  
  191  10:09  Hydralisk x4  
  199  10:33  Overlord  
Show
View Real Time Build Order
Export as new Build Order

AgCl Protoss 

Build Orders: Oracle Opening, Oracle Opening 

Get SALT Encoding   

  12  0:21  Probe  
  13  0:22  Pylon  
  13  0:31  Assimilator  
  13  0:33  Probe  
  14  0:46  Probe (Chrono Boost)  
  15  0:51  Gateway  
  16  0:58  Probe (Chrono Boost)  
  16  1:05  Probe (Chrono Boost)  
  17  1:15  Probe (Chrono Boost)  
  19  1:25  Probe (Chrono Boost)  
  19  1:32  Probe  
  20  1:39  Cybernetics Core  
  20  1:44  Probe (Chrono Boost)  
  21  1:50  Pylon  
  22  1:55  Probe (Chrono Boost)  
  22  2:13  Nexus  
  22  2:17  Probe (Chrono Boost)  
  23  2:23  Stargate  
  23  2:29  Probe (Chrono Boost)  
  24  2:31  Zealot  
  24  2:36  Probe (Chrono Boost)  
  27  2:38  Warp Gate  
  27  2:47  Mothership Core (Chrono Boost)  
  29  2:57  Gateway  
  29  3:01  Probe, Assimilator  
  30  3:20  Pylon  
  31  3:28  Probe x2 (Chrono Boost)  
  31  3:32  Oracle  
  35  3:38  Probe (Chrono Boost)  
  35  3:40  Probe (Chrono Boost)  
  35  3:41  Pylon  
  37  3:45  Probe, Assimilator  
  38  3:48  Probe  
  38  3:57  Probe  
  38  4:00  Assimilator  
  38  4:01  Forge  
  38  4:02  Probe  
  40  4:12  Probe (Chrono Boost)  
  40  4:14  Probe (Chrono Boost)  
  41  4:20  Gateway  
  43  4:24  Probe (Chrono Boost)  
  43  4:25  Probe (Chrono Boost)  
  43  4:31  Probe  
  43  4:33  Probe  
  45  4:43  Probe  
  46  4:49  Probe  
  46  4:50  Protoss Ground Weapons Level 1 (Chrono Boost)  
  47  4:55  Protoss Air Weapons Level 1 (Chrono Boost)  
  47  4:56  Probe  
  47  5:01  Zealot  
  47  5:03  Adept  
  47  5:06  Probe  
  52  5:24  Nexus  
  52  5:26  Pylon x2  
  52  5:34  Pylon  
  52  5:44  Probe x2, Void Ray (Chrono Boost)  
  52  5:45  Stalker  
  52  5:48  Assimilator  
  60  5:51  Fleet Beacon  
  60  5:56  Probe x2  
  62  6:00  Photon Cannon  
  62  6:02  Pylon  
  62  6:08  Probe x2  
  64  6:13  Gateway  
  64  6:19  Carrier (Chrono Boost)  
  64  6:20  Probe x2  
  66  6:43  Probe  
  66  6:45  Probe  
  74  7:00  Probe  
  72  7:02  Gateway  
  72  7:05  Assimilator  
  72  7:07  Probe (Chrono Boost)  
  73  7:11  Graviton Catapult  
  73  7:15  Stargate  
  73  7:16  Probe (Chrono Boost)  
  73  7:17  Pylon  
  73  7:19  Twilight Council  
  73  7:20  Probe (Chrono Boost), Carrier (Chrono Boost)  
  76  7:24  Probe (Chrono Boost)  
  76  7:27  Probe (Chrono Boost)  
  76  7:28  Probe (Chrono Boost)  
  78  7:33  Probe (Chrono Boost)  
  78  7:35  Probe (Chrono Boost)  
  80  7:41  Pylon  
  80  7:43  Probe  
  87  7:45  Probe  
  87  7:46  Probe  
  87  7:51  Carrier (Chrono Boost)  
  89  7:52  Twilight Council  
  89  7:54  Protoss Shields Level 1 (Chrono Boost)  
  88  8:03  Probe  
  95  8:09  Probe, Stargate  
  95  8:11  Pylon  
  96  8:17  Probe, Carrier (Chrono Boost)  
  97  8:20  Gateway  
  97  8:21  Protoss Air Weapons Level 2 (Chrono Boost)  
  97  8:24  Charge (Chrono Boost)  
  103  8:43  Templar Archives  
  103  8:50  Carrier (Chrono Boost)  
  103  8:51  Pylon  
  103  9:00  Carrier (Chrono Boost)  
  109  9:04  Pylon  
  109  9:14  Carrier (Chrono Boost)  
  115  9:18  Shield Upgrade  
  115  9:20  Probe  
  114  9:25  Probe  
  114  9:30  Probe  
  122  9:34  Psionic Storm  
  122  9:36  Adept  
  122  9:37  Zealot  
  122  9:38  Zealot  
  128  9:50  Carrier (Chrono Boost)  
  128  9:51  Pylon  
  126  10:10  Pylon, Assimilator  
  126  10:11  Assimilator  
  126  10:15  Nexus  
  126  10:16  Pylon  
  126  10:27  Pylon, High Templar x2  
  135  10:45  High Templar x2  
  139  10:52  Gateway  
  139  10:54  Pylon  
  130  10:59  Gateway  
Tags
 
Add a new tag
Caveats
  • Supply blocks, unpowered buildings, or Contaminate may cause inaccurate times.
  • Supply counts are checked every 10 seconds.